 Dungeon Crawl Stone Soup version 0.32-a0-131-g9dbbe29261 (webtiles) character file.

Game seed: 6827610760471593405

104 Dittersdorf the Shield-Bearer (level 4, -1/29 HPs)
             Began as a Gargoyle Fighter on Feb 8, 2024.
             Slain by a gnoll
             ... wielding a +0 whip
              (4 damage)
             ... on level 1 of the Dungeon.
             The game lasted 00:01:21 (1113 turns).

Dittersdorf the Shield-Bearer (Gargoyle Fighter)    Turns: 1113, Time: 00:01:22

Health: -1/29      AC: 11    Str: 21    XL:     4   Next: 80%
Magic:  0/4        EV:  9    Int:  9    God:
Gold:   115        SH:  4    Dex:  9    Spells: 3/3 levels left

rFire   . . .        a - +0 flail
rCold   . . .        c - +0 buckler
rNeg    + . .        b - +0 scale mail
rPois   ∞            (no helmet)
rElec   +            q - +0 cloak
rCorr   .            (no gloves)
SInv    +            (no boots)
Will    .....        f - amulet of guardian spirit Stlth
                     e - ring of see invisible
HPRegen 0.24/turn    (no ring)
MPRegen 0.09/turn

%: guardian spirit
@: no status effects
A: sickness immunity, AC +3, negative energy resistance 1, electricity
resistance, torment resistance 1, petrification resistance
a: no special abilities


You were on level 1 of the Dungeon.
You visited 1 branch of the dungeon, and saw 2 of its levels.

You collected 115 gold pieces.

Inventory:

Hand Weapons
 a - a +0 flail (weapon)
Armour
 b - a +0 scale mail (worn)
 c - a +0 buckler (worn)
 q - a +0 cloak (worn)
Jewellery
 e - a ring of see invisible (left hand)
 f - an amulet of guardian spirit (around neck)
 n - a ring of ice
Scrolls
 h - 3 scrolls of immolation
 i - a scroll of enchant armour {unknown}
 l - 3 scrolls of identify {unknown}
 m - 2 scrolls of amnesia {unknown}
Potions
 d - 2 potions of might
 g - a potion of haste {unknown}
 j - a potion of curing {unknown}
 k - a potion of invisibility {unknown}
 o - a potion of mutation {unknown}
 p - a potion of resistance {unknown}


   Skills:
 + Level 4.1 Fighting
 + Level 2.9 Maces & Flails
 + Level 4.0 Armour
 + Level 4.1 Shields


You had 3 spell levels left.
You didn't know any spells.
Your spell library contained the following spells:

 Spells                   Type           Power      Damage    Failure   Level
 Ensorcelled Hibernation  Hex/Ice        0%         N/A       89%         2
 Fugue of the Fallen      Necr           0%         N/A       98%         3
 Anguish                  Hex/Necr       0%         N/A       100%        4


Dungeon Overview and Level Annotations

Branches:
Dungeon (2/15)

Altars:

Annotations:
D:2 Natasha


Innate Abilities, Weirdness & Mutations

You are immune to sickness and miasma.
Your stone body is resilient. (AC +3)
You are immune to poison.
You resist negative energy. (rN+)
You are resistant to electric shocks. (rElec)
You are resistant to unholy torment.
You are immune to petrification.


Message History

* * * LOW HITPOINT WARNING * * *
You hit the gnoll.
The gnoll is lightly wounded.
The gnoll hits you with a +0 whip.
* * * LOW HITPOINT WARNING * * *
You hit the gnoll but do no damage.
The gnoll is lightly wounded.
Natasha mumbles some strange words.
The gnoll hits you with a +0 whip.
* * * LOW HITPOINT WARNING * * *
The gnoll attacks as it pursues you! The gnoll hits you with a +0 whip.
* * * LOW HITPOINT WARNING * * *
The gnoll attacks as it pursues you! The gnoll completely misses you.
Natasha howls an incantation.
Natasha's front paws start to glow.
The gnoll attacks as it pursues you! The gnoll closely misses you.
The cerulean imp disappears in a puff of smoke!
The gnoll attacks as it pursues you! The gnoll hits you with a +0 whip.
* * * LOW HITPOINT WARNING * * *
Natasha casts a spell.
The cerulean imp attacks as it pursues you!
The cerulean imp barely misses you.
Natasha howls an incantation.
Natasha glows brightly for a moment.
The cerulean imp disappears in a puff of smoke!
The gnoll attacks as it pursues you! The gnoll closely misses you.
Natasha hisses.
There is a stone staircase leading up here.
The gnoll hits you but does no damage.
The cerulean imp hits you but does no damage.
You climb upwards.
There is a stone staircase leading down here.
You barely miss the gnoll. The gnoll barely misses you.
You hit the gnoll.
The gnoll is lightly wounded.
The gnoll hits you but does no damage. x2
You sock the gnoll!
The gnoll is almost dead.
The gnoll hits you with a +0 whip.
You die...

### #.###############
#...............#####
#.#############.#.... #.#
#.#.##. #.# #.#.... ####'##
#.####. #.....######
#.#.... ##.....'@g..##
#.#.##. ###......##.#..##
#.#.##. #...#######.....###
#.#.##.
#.####........#...###.#.##.
#.#ß##...###..###..##.#.##.
#....##.......####....#....
#.....###..#.....###..#####
#......ß#..#..##..###......
###.....##.#..###.....#.###


You could see a gnoll.

Vanquished Creatures
  Natasha (D:2)
  Terence (D:2)
  A gnoll (D:2)
  2 adders (D:2)
  3 bats (D:1)
  2 endoplasms (D:1)
  A giant cockroach (D:1)
  3 goblins
  5 hobgoblins
  3 kobolds
  2 quokkas (D:1)
  2 ball pythons (D:2)
  A frilled lizard (D:1)
27 creatures vanquished.

Notes
Turn   | Place    | Note
-------+----------+-------------------------------------------
     0 | D:1      | Dittersdorf the Gargoyle Fighter began the quest for the
                  | Orb.
     0 | D:1      | Reached XP level 1. HP: 14/14 MP: 1/1
   110 | D:1      | Found a faded altar of an unknown god.
   119 | D:1      | Reached XP level 2. HP: 19/19 MP: 2/2
   896 | D:2      | Reached XP level 3. HP: 23/23 MP: 3/3
   962 | D:2      | Noticed Natasha
   971 | D:2      | Killed Natasha
   972 | D:2      | Reached XP level 4. HP: 20/29 MP: 1/4
  1061 | D:2      | Noticed Terence
  1065 | D:2      | Killed Terence
  1082 | D:2      | Noticed Natasha
  1098 | D:2      | HP: 1/29 [gnoll/+0 whip (3)]
  1104 | D:2      | HP: 1/29 [gnoll/+0 whip (2)]
  1113 | D:1      | Slain by a gnoll

Illustrated notes

Levels and vault maps discovered:
D:1:      dpeg_arrival_rhombi, layout_basic, hellmonk_ecumenical_altar_blasted,
          serial_corexii_hall, chequers_hall_statues_y, corexii_hall_statues_i,
          corexii_hall_statues_deadend, chequers_hall_statues_y
D:2:      layout_basic, uniq_crazy_yiuf_cottage, uniq_natasha, uniq_terence

Skill      XL: |  1  2  3  4 |
---------------+-------------+-----
Fighting       | 4 |  4.1
Armour         | 4 |  4.0
Shields        | 4 |  4.1
Maces & Flails | |  2.9

Action                     |  1- 3 |  4- 6 || total
---------------------------+-------+-------++-------
  Melee: Flail             |    50 |    34 ||    84
 Armour: Scale mail        |    30 |    45 ||    75
  Dodge: Dodged            |    17 |    27 ||    44
  Block: Buckler           |    14 |     7 ||    21

Table legend: (Time is in decaauts)
 A = Elapsed time spent in this place.
 B = Non-inter-level travel time spent in this place.
 C = Inter-level travel time spent in this place.
 D = Time resting spent in this place.
 E = Time spent auto-exploring this place.
 F = Levels seen in this place.
 G = Mean time per level.
                   A        B        C        D        E       F      G
               +--------+--------+--------+--------+--------+-----+--------+
         Total |   1138 |   1102 |     36 |      0 |    860 |   2 |  569.0 |
       Dungeon |   1138 |   1102 |     36 |      0 |    860 |   2 |  569.0 |
               +--------+--------+--------+--------+--------+-----+--------+

Top non-repeatable levels by time:
     D:1: 819 daAuts
     D:2: 318 daAuts
